 Dungeon Crawl Stone Soup version 0.29-a0-214-g17f627cfee (webtiles) character file.

Game seed: 12790131860207165011

19327 sammy202020 the Fighter (level 12, -2/103 HPs)
             Began as a Demonspawn Berserker on Feb 25, 2022.
             Was an Elder of Trog.
             Killed from afar by an electric eel (12 damage)
             ... with a bolt of electricity
             ... on level 1 of the Snake Pit.
             The game lasted 00:38:40 (10017 turns).

sammy202020 the Fighter (Demonspawn Berserker)     Turns: 10017, Time: 00:38:41

Health: -2/103     AC: 24    Str: 21    XL:     12   Next: 35%
Magic:  12/12      EV: 16    Int: 10    God:    Trog [****..]
Gold:   669        SH: 17    Dex: 19    Spells: 11/11 levels left

rFire   . . .      SeeInvis +   n - +4 hand axe (freeze)
rCold   . . .      Faith    .   C - +2 kite shield
rNeg    . . .      Spirit   .   I - +0 steam dragon scales
rPois   +          Reflect  .   (helmet unavailable)
rElec   .          Harm     .   y - +2 cloak {Will+}
rCorr   .          Rampage  .   g - +2 pair of gloves
Will    +....                   B - +2 pair of boots
Stlth   ++........              e - amulet of regeneration
HPRegen 1.07/turn               c - +6 ring of dexterity
MPRegen 0.13/turn               G - ring of poison resistance

@: studying Fighting
A: antennae 3, icy blue scales 2, icemail 1, spiny 2, condensation shield
a: Renounce Religion, Berserk, Trog's Hand, Brothers in Arms


You were on level 1 of the Snake Pit.
You worshipped Trog.
Trog was greatly pleased with you.
You visited 3 branches of the dungeon, and saw 13 of its levels.

You collected 669 gold pieces.

Inventory:

Hand Weapons
 a - a +0 hand axe
 n - a +4 hand axe of freezing (weapon)
 p - a +3 trident of pain
 J - the +5 morningstar "Nysitto Okke" {drain, *Slow rPois Int+4}
   (You found it on level 1 of the Lair of Beasts)

   A truly terrible weapon, it drains the life of any living foe it strikes.
   Int:       It affects your intelligence (+4).
   rPois:     It protects you from poison.
   *Slow:     It may slow you when you take damage.
Missiles
 u - a throwing net (quivered)
Armour
 g - a +2 pair of gloves (worn)
 y - a +2 cloak of willpower (worn)
 B - a +2 pair of boots (worn)
 C - a +2 kite shield (worn)
 I - +0 steam dragon scales (worn)
Jewellery
 c - a +6 ring of dexterity (left hand)
 e - an amulet of regeneration (around neck)
 v - a ring of positive energy
 w - a ring of protection from cold
 A - a +6 ring of intelligence
 D - a ring of protection from cold
 E - a ring of flight
 G - a ring of poison resistance (right hand)
Wands
 b - a wand of mindburst (7)
 r - a wand of polymorph (4)
 t - a wand of paralysis (6)
 F - a wand of acid (9)
Scrolls
 i - 3 scrolls of teleportation
 j - 2 scrolls of torment
Potions
 d - 5 potions of flight
 f - 3 potions of curing
 h - a potion of might
 k - a potion of mutation
 l - 2 potions of magic
 m - 2 potions of cancellation
 q - 5 potions of lignification
 s - a potion of brilliance {unknown}
 x - a potion of attraction {unknown}
 z - 2 potions of ambrosia {unknown}
 H - 4 potions of degeneration {unknown}
 K - a potion of berserk rage {unknown}


   Skills:
 + Level 12.7 Fighting
 + Level 9.4 Axes
 + Level 9.2 Armour
 + Level 9.2 Dodging
 + Level 6.4 Shields


You had 11 spell levels left.
You didn't know any spells.
Your spell library was empty.

Dungeon Overview and Level Annotations

Branches:
Dungeon (10/15)            Temple (0/1) D:7            Lair (2/6) D:8
  Snake (1/4) Lair:2
  Swamp: Lair:2-4    Shoals: Lair:2-4       Orc: D:9-12

Altars:
Dithmenos
Elyvilon
Fedhas
Gozag
Hepliaklqana
Kikubaaqudgha
Nemelex Xobeh
Okawaru
Sif Muna
Uskayaw
Vehumet
Wu Jian
Yredelemnul
Beogh

Shops:
D:2 !   D:3 (   D:5 *   D:6 =!?::(

Annotations:
D:3 1 runed translucent door, drugrobin's ghost, amateur DgWr


Innate Abilities, Weirdness & Mutations

You have a pair of large antennae on your head. (SInv)
You are mostly covered in icy blue scales. (AC +3)
A meltable icy envelope protects you from harm. (AC +4)
You are mostly covered in sharp spines.
A meltable shield of frost defends you. (SH +4)


Message History

The bolt of electricity hits the electric eel.
The electric eel completely resists.
The bolt of electricity hits you.
The electric eel shoots out a bolt of lightning at you!
The bolt of electricity hits you!
The electric eel shoots out a bolt of lightning at you!
The bolt of electricity misses you. x2
The electric eel shoots out a bolt of lightning at you!
The bolt of electricity hits the electric eel.
The electric eel completely resists.
The bolt of electricity misses you. x2
The electric eel shoots out a bolt of lightning at you!
The bolt of electricity misses you.
The electric eel shoots out a bolt of lightning at you!
The bolt of electricity misses you. x2
The electric eel shoots out a bolt of lightning at you!
The bolt of electricity hits you!
* * * LOW HITPOINT WARNING * * *
The electric eel shoots out a bolt of lightning at you!
The bolt of electricity hits you!
* * * LOW HITPOINT WARNING * * *
The electric eel shoots out a bolt of lightning at you!
The bolt of electricity hits you but does no damage. x2
The electric eel shoots out a bolt of lightning at you!
The bolt of electricity hits you!
* * * LOW HITPOINT WARNING * * *
The bolt of electricity misses you.
The electric eel shoots out a bolt of lightning at you!
The bolt of electricity hits the electric eel.
The electric eel completely resists.
The bolt of electricity misses you.
The electric eel shoots out a bolt of lightning at you!
The bolt of electricity hits the electric eel.
The electric eel completely resists.
The bolt of electricity hits the electric eel.
The electric eel completely resists.
The bolt of electricity hits you but does no damage.
Things that are here:
a +0 dire flail; a +0 robe; a naga corpse The electric eel shoots out a bolt of lightning at you!
The bolt of electricity hits the electric eel.
The electric eel completely resists.
The bolt of electricity hits you!
You die...

##.####.# #.#
#<.# #.# #..#
#.# #..# #.#
#..# #.# #..#
#.# #))# #.#
#))####♣♣≈≈≈ #.#
#@.....≈≈≈≈≈ #.#
#)####♣≈≈≈≈≈ #.#
#.....♣≈≈≈≈≈ #.#
##....♣≈≈≈≈≈ #.#
#....S≈≈≈≈≈
#.####....♣♣≈≈{≈
#.........S♣≈≈≈≈
######....SSS≈≈≈
#....♣♣≈≈≈≈


You could see 3 electric eels.

Vanquished Creatures
  A naga warrior (Snake:1)
  An anaconda (Snake:1)
  A hydra (Lair:1)
  Erica (Lair:1)
  A two-headed ogre (D:9)
  Pikel (D:5)
  A manticore (D:9)
  A salamander (Snake:1)
  7 black mambas
  A guardian serpent (Snake:1)
  A naga mage (Snake:1)
  Maggie (D:9)
  3 komodo dragons (Lair:1)
  A troll (D:6)
  A polar bear (Lair:1)
  5 blink frogs (Lair:1)
  A wraith (D:10)
  4 wyverns
  17 yaks
  2 basilisks (Lair:1)
  3 steam dragons
  3 nagas (Snake:1)
  An acid dragon (D:10)
  5 water moccasins
  3 sky beasts
  2 black bears
  3 ice beasts
  An ogre (D:5)
  3 centaurs
  2 lemures (D:5)
  A phantom (D:4)
  Blork the orc (D:5)
  3 kobold brigands
  A gnoll sergeant (D:6)
  A scorpion (D:8)
  A wyvern zombie (D:8)
  7 bullfrogs
  A water moccasin zombie (D:6)
  A water moccasin skeleton (D:4)
  4 killer bees (D:10)
  3 howler monkeys
  A centaur zombie (D:10)
  2 hounds (D:6)
  2 bullfrog zombies
  A jelly (D:7)
  Crazy Yiuf (D:4)
  5 orc priests
  A centaur skeleton (D:4)
  4 iguanas
  13 orc wizards
  A killer bee zombie (D:9)
  Robin (D:4)
  13 gnolls
  4 adders
  An adder skeleton (D:4)
  4 worms
  2 dart slugs (D:4)
  24 orcs
  7 ball pythons
  4 bats
  6 endoplasms
  5 giant cockroaches
  15 goblins
  11 hobgoblins
  7 jackals (D:4)
  A quokka (D:1)
  2 frilled lizards (D:1)
  20 kobolds
  3 rats
  A spectral kobold (D:8)
  A bush (D:4)
265 creatures vanquished.

Vanquished Creatures (collateral kills)
  2 naga warriors (Snake:1)
  A naga mage (Snake:1)
  An electric eel (Snake:1)
4 creatures vanquished.

Vanquished Creatures (others)
  34 fungi
  51 plants
  9 withered plants (D:1)
94 creatures vanquished.

Grand Total: 363 creatures vanquished

Notes
Turn   | Place    | Note
-------+----------+-------------------------------------------
     0 | D:1      | sammy202020 the Demonspawn Berserker began the quest for
                  | the Orb.
     0 | D:1      | Reached XP level 1. HP: 18/18 MP: 1/1
   295 | D:1      | Gained mutation: You are partially covered in sharp spines.
                  | [demonic ancestry]
   295 | D:1      | Reached XP level 2. HP: 15/24 MP: 2/2
  1078 | D:1      | Found a faded altar of an unknown god.
  1370 | D:2      | Found Semos's Distillery.
  1499 | D:2      | Gained mutation: A meltable shield of frost defends you.
                  | (SH +4) [demonic ancestry]
  1499 | D:2      | Reached XP level 3. HP: 22/29 MP: 3/3
  1556 | D:2      | Reached ** piety under Trog
  1827 | D:3      | Gained mutation: You have a pair of small antennae on your
                  | head. [demonic ancestry]
  1827 | D:3      | Reached XP level 4. HP: 28/36 MP: 4/4
  1980 | D:3      | Found an ornate altar of the Wu Jian Council.
  2042 | D:3      | Found a shadowy altar of Dithmenos.
  2064 | D:3      | Found a runed translucent door.
  2064 | D:3      | Noticed a steam dragon
  2064 | D:3      | Noticed drugrobin's ghost (amateur DgWr)
  2129 | D:3      | Found Tyicamum's Weapon Emporium.
  2477 | D:4      | Gained mutation: You are partially covered in icy blue
                  | scales. (AC +2) [demonic ancestry]
  2477 | D:4      | Reached XP level 5. HP: 40/42 MP: 5/5
  2499 | D:4      | Noticed a phantom
  2529 | D:4      | Killed a phantom
  2530 | D:4      | Reached skill level 4 in Fighting
  2544 | D:4      | Reached XP level 6. HP: 48/48 MP: 6/6
  2727 | D:4      | Noticed Robin
  2735 | D:4      | Reached *** piety under Trog
  2746 | D:4      | Killed Robin
  3724 | D:4      | Found a runed translucent door.
  3725 | D:4      | Noticed Crazy Yiuf
  3731 | D:4      | Killed Crazy Yiuf
  3806 | D:5      | Entered Level 5 of the Dungeon
  3870 | D:5      | Noticed Blork the orc
  3884 | D:5      | Killed Blork the orc
  3885 | D:5      | Gained mutation: A meltable icy envelope protects you from
                  | harm. (AC +4) [demonic ancestry]
  3885 | D:5      | Reached XP level 7. HP: 48/55 MP: 7/7
  3917 | D:5      | Found Urenoeb's General Store.
  3919 | D:5      | Noticed a yak
  3919 | D:5      | Noticed a yak
  3920 | D:5      | Noticed a yak
  3921 | D:5      | Noticed a yak
  3921 | D:5      | Noticed a yak
  3925 | D:5      | Noticed a yak
  3933 | D:5      | Killed a yak
  3934 | D:5      | Reached skill level 5 in Fighting
  3944 | D:5      | Killed a yak
  3952 | D:5      | Killed a yak
  3953 | D:5      | Reached skill level 5 in Axes
  3953 | D:5      | Reached XP level 8. HP: 62/63 MP: 8/8
  3976 | D:5      | Reached skill level 5 in Armour
  3978 | D:5      | Noticed Pikel
  4000 | D:5      | Killed Pikel
  4001 | D:5      | Reached skill level 6 in Fighting
  4001 | D:5      | Reached skill level 5 in Dodging
  4007 | D:5      | Gained mutation: You are mostly covered in icy blue scales.
                  | (AC +3) [demonic ancestry]
  4007 | D:5      | Reached XP level 9. HP: 71/71 MP: 9/9
  4019 | D:5      | Reached **** piety under Trog
  4322 | D:5      | Identified a scroll of acquirement
  4322 | D:5      | Acquired a manual of Fighting
  4385 | D:5      | Found a radiant altar of Vehumet.
  4390 | D:5      | Reached skill level 7 in Fighting
  4397 | D:5      | Found an ancient bone altar of Kikubaaqudgha.
  4419 | D:5      | Found a shimmering blue altar of Sif Muna.
  4675 | D:6      | Noticed a troll
  4695 | D:6      | Killed a troll
  4757 | D:6      | Found Rexiteg's Self-Improvement Boutique.
  4935 | D:6      | Found Suoh's Magic Scroll Shoppe.
  4972 | D:6      | Found Nut Sane's Book Boutique.
  4993 | D:6      | Reached skill level 8 in Fighting
  5084 | D:6      | Found Oco Eka's Antique Weapon Emporium.
  5338 | D:6      | Found Yseg's Jewellery Shoppe.
  5345 | D:6      | Found Lut Buk's Distillery.
  5409 | D:6      | Found a basalt altar of Yredelemnul.
  5668 | D:7      | Reached skill level 1 in Shields
  5824 | D:7      | Found a staircase to the Ecumenical Temple.
  6034 | D:7      | Gained mutation: You have a pair of antennae on your head.
                  | [demonic ancestry]
  6034 | D:7      | Reached XP level 10. HP: 44/82 MP: 10/10
  6550 | D:8      | Found a staircase to the Lair.
  6568 | D:8      | Reached skill level 9 in Fighting
  6826 | D:8      | Found a hide-covered altar of Uskayaw.
  6979 | D:8      | Found a sparkling altar of Nemelex Xobeh.
  6979 | D:8      | Found a blossoming altar of Fedhas.
  6999 | D:8      | Found a hazy altar of Hepliaklqana.
  7237 | D:9      | Noticed a two-headed ogre
  7255 | D:9      | Killed a two-headed ogre
  7538 | D:9      | Noticed a manticore
  7554 | D:9      | Killed a manticore
  7622 | D:9      | Reached ***** piety under Trog
  7624 | D:9      | Found an iron altar of Okawaru.
  7723 | D:9      | Noticed Maggie
  7738 | D:9      | Killed Maggie
  7739 | D:9      | Reached skill level 10 in Fighting
  7802 | D:9      | Found an opulent altar of Gozag.
  8105 | D:10     | Entered Level 10 of the Dungeon
  8817 | Lair:1   | Entered Level 1 of the Lair of Beasts
  8894 | Lair:1   | Gained mutation: You are mostly covered in sharp spines.
                  | [demonic ancestry]
  8894 | Lair:1   | Reached XP level 11. HP: 92/92 MP: 11/11
  9038 | Lair:1   | Identified the +5 morningstar "Nysitto Okke" {drain, *Slow
                  | rPois Int+4}
  9144 | Lair:1   | Noticed Erica
  9163 | Lair:1   | Killed Erica
  9164 | Lair:1   | Reached skill level 11 in Fighting
  9247 | Lair:1   | Reached skill level 5 in Shields
  9543 | Lair:1   | Noticed an eight-headed hydra
  9555 | Lair:1   | Killed a 12-headed hydra
  9758 | Lair:2   | Found a staircase to the Snake Pit.
  9774 | Lair:2   | Reached skill level 12 in Fighting
  9781 | Snake:1  | Entered Level 1 of the Snake Pit
  9794 | Snake:1  | Gained mutation: You have a pair of large antennae on your
                  | head. (SInv) [demonic ancestry]
  9794 | Snake:1  | Reached XP level 12. HP: 75/102 MP: 12/12
  9798 | Snake:1  | Noticed a naga warrior
  9829 | Snake:1  | Killed a naga warrior
  9840 | Snake:1  | Noticed a naga warrior
  9843 | Snake:1  | Noticed a naga warrior
  9854 | Snake:1  | Killed a naga warrior
  9856 | Snake:1  | Killed a naga warrior
  9954 | Snake:1  | Noticed an anaconda
  9972 | Snake:1  | Killed an anaconda
 10017 | Snake:1  | Killed from afar by an electric eel

Illustrated notes

Levels and vault maps discovered:
D:1:      minmay_arrival_four_circles, layout_loops_ring,
          shapermc_ecumenical_altar_flowoftime
D:2:      layout_rooms, serial_shops, nicolae_shop_hallway_plus
D:3:      layout_basic, general_overflow_altar, nzn_wu_jian_council_hall,
          ebering_ghost_inner_flame, serial_shops, nicolae_shop_crystal,
          grunt_decor_cap, serial_bayou_pond_d
D:4:      kennysheep_goblin_castle, layout_cave_pods,
          kennysheep_cross_bottleneck, st_stairs_8, uniq_crazy_yiuf_cottage
D:5:      layout_loops_ring, palyth_temple_overflow_mages, serial_shops, shop,
          uniq_blork_the_orc, uniq_pikel
D:6:      layout_loops_corners, lemuel_coloured_pillars_altar, serial_shops,
          shop, nicolae_square_shop, shop_coins, nicolae_take_the_stairs, shop,
          nicolae_shop_self_help
D:7:      layout_rooms, nicolae_elyvilon_peaceful_grove,
          lemuel_temple_firewalk_a
D:8:      layout_loops_ring, chequers_temple_overflow_statue_of_worship,
          nicolae_hepliaklqana_monster_ancestors, nicolae_uskayaw_dance_studio,
          due_lair_maze_entry_diamond, kennysheep_generic_room_8
D:9:      layout_loops_corners, mainiacjoe_overflow_catwalk,
          okawaru_altar_gauntlet_db, uniq_maggie
D:10:     layout_basic, kennysheep_another_room, david_defended_altar_orc
Lair:1:   layout_chaotic_city, hangedman_lair_generics_rect,
          infiniplex_staircase_pool_2, uniq_erica
Lair:2:   layout_big_grid, minmay_snake_entry_six_corridors
Snake:1:  layout_basic, serial_bayou_lake_a, minmay_shop_star,
          grunt_megastairs_4, uniq_aizul

Skill      XL: |  1  2  3  4  5  6  7  8  9 10 11 12 |
---------------+-------------------------------------+-----
Armour         | 2 3 4 5 6 7 8 9 |  9.2
Dodging        | 2 3 4 5 6 7 8 9 |  9.2
Axes           | 3 4 5 6 7 8 9 |  9.4
Fighting       | 4 5 6 8 10 12 | 12.7
Shields        | 1 4 5 6 |  6.4

Action                   |  1- 3 |  4- 6 |  7- 9 | 10-12 || total
-------------------------+-------+-------+-------+-------++-------
Melee: Hand axe          |    94 |   322 |   280 |   403 ||  1099
       Punch             |       |     5 |     3 |       ||     8
       Morningstar       |       |       |       |     3 ||     3
Invok: Berserk           |     2 |     1 |     2 |     6 ||    11
       Trog's Hand       |       |       |       |     2 ||     2
       Brothers in Arms  |       |       |       |     1 ||     1
  Use: Scroll            |     4 |     5 |     9 |     5 ||    23
       Potion            |       |       |       |     4 ||     4
 Stab: Sleeping          |       |       |       |     2 ||     2
Armor: Animal skin       |     9 |       |       |       ||     9
       Scale mail        |    34 |    89 |   131 |    70 ||   324
       Leather armour    |     1 |       |       |       ||     1
       Steam dragon scal |       |       |       |   113 ||   113
Dodge: Dodged            |    46 |    82 |   144 |   195 ||   467
Block: Other             |     1 |    30 |    41 |       ||    72
       Kite shield       |       |       |    63 |   325 ||   388

Table legend: (Time is in decaauts)
 A = Elapsed time spent in this place.
 B = Non-inter-level travel time spent in this place.
 C = Inter-level travel time spent in this place.
 D = Time resting spent in this place.
 E = Time spent auto-exploring this place.
 F = Levels seen in this place.
 G = Mean time per level.
                   A        B        C        D        E       F      G
               +--------+--------+--------+--------+--------+-----+--------+
         Total |  10184 |   9642 |    542 |    144 |   6460 |  13 |  783.4 |
       Dungeon |   8956 |   8414 |    542 |     34 |   5942 |  10 |  895.6 |
          Lair |   1006 |   1006 |      0 |     66 |    514 |   2 |  503.0 |
     Snake Pit |    221 |    221 |      0 |     44 |      4 |   1 |  221.0 |
               +--------+--------+--------+--------+--------+-----+--------+

Top non-repeatable levels by time:
     D:4: 1387 daAuts
     D:1: 1338 daAuts
     D:6: 1023 daAuts
  Lair:1: 969 daAuts
     D:9: 935 daAuts
     D:7: 878 daAuts
     D:5: 816 daAuts
     D:8: 770 daAuts
     D:3: 695 daAuts
    D:10: 654 daAuts
     D:2: 458 daAuts
 Snake:1: 221 daAuts
  Lair:2: 37 daAuts
